 Dungeon Crawl Stone Soup version 0.29.1-12-g30fa7ad0bf (webtiles) character file.

Game seed: 14560452412631035296

2 H0rd4k the Charlatan (level 1, 0/13 HPs)
             Began as an Octopode Artificer on Dec 22, 2022.
             Slain by a quokka (3 damage)
             ... on level 1 of the Dungeon.
             The game lasted 00:00:10 (55 turns).

H0rd4k the Charlatan (Octopode Artificer)             Turns: 55, Time: 00:00:10

Health: 0/13       AC:  1    Str: 11    XL:     1   Next: 40%
Magic:  1/1        EV: 13    Int: 13    God:
Gold:   0          SH:  0    Dex: 12    Spells: 1/1 levels left

rFire   . . .      SeeInvis .   (no weapon)
rCold   . . .      Faith    .   (no shield)
rNeg    . . .      Spirit   .   (helmet restricted)
rPois   .          Reflect  .   (no amulet)
rElec   .          Harm     .   (no ring)
rCorr   .          Rampage  .   (no ring)
Will    .....                   (no ring)
Stlth   +++.......              (no ring)
HPRegen 0.04/turn               (no ring)
MPRegen 0.07/turn               (no ring)
                                (no ring)
                                (no ring)

@: no status effects
A: almost no armour, amphibious, 8 rings, camouflage 1, gelatinous body 1,
(nimble swimmer 1), tentacles
a: no special abilities


You were on level 1 of the Dungeon.
You visited 1 branch of the dungeon, and saw 1 of its levels.

Inventory:

Wands
 b - a wand of flame (15) (quivered)
 c - a wand of charming (15)
 d - a wand of iceblast (5)
Scrolls
 e - a scroll of identify {unknown}
 f - a scroll of vulnerability {unknown}
Potions
 a - a potion of curing {unknown}


   Skills:
 * Level 1.1 Fighting
 - Level 2.3 Dodging
 - Level 1.3 Stealth
 * Level 0.5 Spellcasting
 - Level 3.2 Evocations


You had one spell level left.
You didn't know any spells.
Your spell library was empty.

Dungeon Overview and Level Annotations

Branches:
Dungeon (1/15)

Altars:


Innate Abilities, Weirdness & Mutations

You cannot wear most types of armour.
You are amphibious.
You can wear up to eight rings at the same time.
Your skin changes colour to match your surroundings (Stealth+).
Your rubbery body absorbs attacks. (AC +1, EV +1)
((You are camouflaged when in or above water. (Stealth+)))
You have tentacles for arms and can constrict up to eight enemies at once.


Message History

Are you destined to find the majestic Orb of Zot, or to die trying?
Press ? for a list of commands and other information.
Found a staircase leading out of the dungeon.
You are now empty-tentacled.
You drop a +0 club.
Unknown command.
a - a ruby potion
e - a scroll labelled FUETYA VASEME
f - a scroll labelled PIENUUDGH PUAL No target in view!
A kobold comes into view. It is wielding a +0 short sword.
The kobold shouts!
You hear a shout!
A kobold comes into view. It is wielding a +0 short sword.
The kobold moves out of view.
A kobold is nearby!
A quokka comes into view.
Found a stone staircase leading down.
The kobold closely misses you.
The kobold hits you with a +0 short sword.
There are monsters nearby!
You tentacle-slap the kobold but do no damage.
Your grab misses the kobold. You squeeze the kobold.
You kill the kobold!
The kobold hits you with a +0 short sword.
You closely miss the kobold. You grab the kobold.
You constrict the kobold, but do no damage.
The kobold hits you with a +0 short sword.
You tentacle-slap the kobold but do no damage.
You constrict the kobold, but do no damage.
The kobold hits you with a +0 short sword.
You barely miss the kobold. You constrict the kobold. The kobold misses you.
You tentacle-slap the kobold.
The kobold is severely wounded.
You constrict the kobold.
You kill the kobold!
The quokka barely misses you.
You closely miss the quokka. Your grab misses the quokka.
Your squeeze misses the quokka. The quokka bites you.
* * * LOW HITPOINT WARNING * * *
You closely miss the quokka. You grab the quokka. You constrict the quokka.
The quokka bites you.
You die...

.. ..... ##.
....# .. ..>.
#. ... #.#..
######...
.......r###
#...)@..#
......)#.##
#....###.# ...#
#.# #. #.# .
#.## # #..# ..
#..#
###.###..####.#


You could see a quokka.

Vanquished Creatures
  2 kobolds (D:1)
2 creatures vanquished.

Notes
Turn   | Place    | Note
-------+----------+-------------------------------------------
     0 | D:1      | H0rd4k the Octopode Artificer began the quest for the Orb.
     0 | D:1      | Reached XP level 1. HP: 13/13 MP: 1/1
    55 | D:1      | Slain by a quokka

Illustrated notes

Levels and vault maps discovered:
D:1:      saegor_arrival_simple_a, layout_basic,
          shapermc_ecumenical_altar_acropolis, ebering_dispersal_statue_hall,
          st_stairs_5, minmay_gold_behind_fungi

Action                   || total
-------------------------++-------
Melee: Unarmed           ||     7
       Constrict         ||     2
       Tentacles         ||     1
Dodge: Dodged            ||     3
